 Dungeon Crawl Stone Soup version 0.29.1-15-g9cfb28693d (webtiles) character file.

Game seed: 17976607326278931723

78 KittyFluff the Cudgeller (level 4, -8/29 HPs)
             Began as a Gargoyle Berserker on Apr 26, 2023.
             Was a Believer of Trog.
             Killed from afar by a gnoll (15 damage)
             ... with a bolt of acid
             ... on level 3 of the Dungeon.
             The game lasted 00:07:03 (2190 turns).

KittyFluff the Cudgeller (Gargoyle Berserker)       Turns: 2190, Time: 00:07:04

Health: -8/29      AC:  7    Str: 20    XL:     4   Next: 36%
Magic:  4/4        EV: 11    Int:  8    God:    Trog [**....]
Gold:   65         SH:  0    Dex: 11    Spells: 3/3 levels left

rFire   . . .      SeeInvis .   a - +0 mace
rCold   . . .      Faith    .   (no shield)
rNeg    + . .      Spirit   .   m - +0 leather armour
rPois   ∞          Reflect  .   f - +0 hat
rElec   +          Harm     .   (no cloak)
rCorr   .          Rampage  .   (no gloves)
Will    .....                   (no boots)
Stlth   +.........              (no amulet)
HPRegen 0.09/turn               (no ring)
MPRegen 0.09/turn               (no ring)

@: no status effects
A: sickness immunity, AC +3, negative energy resistance 1, electricity
resistance, torment resistance 1, petrification resistance
a: Renounce Religion, Berserk, Trog's Hand


You were on level 3 of the Dungeon.
You worshipped Trog.
Trog was pleased with you.
You visited 1 branch of the dungeon, and saw 3 of its levels.

You collected 65 gold pieces.

Inventory:

Hand Weapons
 a - a +0 mace (weapon)
Missiles
 g - 10 stones (quivered)
 k - 5 boomerangs
 n - 3 poisoned darts
Armour
 f - a +0 hat (worn)
 m - a +0 leather armour (worn)
Jewellery
 e - an amulet of faith
 o - an amulet of magic regeneration
Scrolls
 b - a scroll of noise {unknown}
 c - a scroll of fog {unknown}
 d - 2 scrolls of teleportation {unknown}
 j - 2 scrolls of identify {unknown}
Potions
 h - 2 potions of resistance {unknown}
 i - 2 potions of brilliance {unknown}
 l - a potion of lignification {unknown}
 p - a potion of attraction {unknown}


   Skills:
 + Level 3.8 Fighting
 + Level 4.0 Maces & Flails
 * Level 3.1 Armour
 + Level 1.7 Dodging
 + Level 0.7 Stealth


You had 3 spell levels left.
You didn't know any spells.
Your spell library was empty.

Dungeon Overview and Level Annotations

Branches:
Dungeon (3/15)

Altars:

Shops:
D:1 :::


Innate Abilities, Weirdness & Mutations

You are immune to sickness and miasma.
Your stone body is resilient. (AC +3)
You are immune to poison.
You resist negative energy. (rN+)
You are resistant to electric shocks. (rElec)
You are resistant to unholy torment.
You are immune to petrification.


Message History

Trog accepts your kill.
You have reached level 4!
You feel clever.
You barely miss the gnoll.
The gnoll is heavily wounded.
The gnoll hits you with a +0 club.
You closely miss the gnoll.
The gnoll is heavily wounded.
The gnoll hits you but does no damage.
You hit the gnoll.
The gnoll is heavily wounded.
The gnoll hits you with a +0 club.
* * * LOW HITPOINT WARNING * * *
You barely miss the gnoll.
The gnoll is heavily wounded.
The gnoll misses you. The gnoll hits you but does no damage.
You completely miss the gnoll.
The gnoll is heavily wounded.
The gnoll closely misses you.
You thump the gnoll!
You kill the gnoll!
Trog accepts your kill.
You hit the orc.
The orc is severely wounded.
The orc misses you.
You hit the orc.
You kill the orc!
Trog accepts your kill.
Your Maces & Flails skill increases to level 4!
You hit the gnoll but do no damage. The gnoll closely misses you.
The gnoll hits you but does no damage.
You hit the gnoll but do no damage. The gnoll barely misses you.
You hit the gnoll.
The gnoll is lightly wounded.
The gnoll misses you.
You sock the gnoll!
The gnoll is heavily wounded.
The gnoll zaps a wand.
The bolt of acid hits you!
Ouch! That really hurt!
You die...

####
##.<#
#..)#
#@.##
#....g###
.......
....8..
.......
##.....
..#...#
..#...


You could see a gnoll.

Vanquished Creatures
  2 gnolls (D:3)
  An adder (D:2)
  2 worms (D:2)
  3 dart slugs
  3 orcs (D:3)
  3 endoplasms (D:2)
  4 hobgoblins
  2 jackals (D:2)
  3 kobolds
  A quokka (D:1)
  2 ball pythons
  3 bats
  2 frilled lizards (D:2)
  2 goblins
  5 rats
38 creatures vanquished.

Notes
Turn   | Place    | Note
-------+----------+-------------------------------------------
     0 | D:1      | KittyFluff the Gargoyle Berserker began the quest for the
                  | Orb.
     0 | D:1      | Reached XP level 1. HP: 14/14 MP: 1/1
    18 | D:1      | Found Wyoseudgh's Book Shoppe.
   416 | D:1      | Reached XP level 2. HP: 19/19 MP: 2/2
   616 | D:1      | Found Ublatz's Book Boutique.
   721 | D:1      | Found Diruaxke's Book Shop.
  1445 | D:2      | Reached XP level 3. HP: 22/23 MP: 3/3
  1739 | D:2      | Reached ** piety under Trog
  2179 | D:3      | Reached XP level 4. HP: 11/29 MP: 4/4
  2187 | D:3      | Reached skill level 4 in Maces & Flails
  2190 | D:3      | Killed from afar by a gnoll

Illustrated notes

Levels and vault maps discovered:
D:1:      amcnicky_arrival_blooded_trapdoor, layout_loops_ring, serial_shops,
          shop, nicolae_lakefront_shop, nicolae_shop_crystal,
          serial_park_tiny_pond, minmay_door_square, minmay_misc_feat_alley
D:2:      layout_basic, hangedman_glass_teeth
D:3:      layout_basic, mainiacjoe_overflow_surrounded_room, serial_curves,
          eino_curves_03, eino_curves_02, grunt_ministairs_6

Skill      XL: |  1  2  3  4 |
---------------+-------------+-----
Armour         | 3 |  3.1
Maces & Flails | 4 |  4.0
Fighting       | |  3.8
Dodging        | |  1.7
Stealth        | |  0.7

Action                   |  1- 3 |  4- 6 || total
-------------------------+-------+-------++-------
Melee: Mace              |   101 |    12 ||   113
       Punch             |     1 |       ||     1
 Stab: Sleeping          |     1 |       ||     1
Armor: Animal skin       |     6 |       ||     6
       Leather armour    |    21 |     3 ||    24
Dodge: Dodged            |    47 |     6 ||    53
